 Dungeon Crawl Stone Soup version 0.24.0-1-gfbc8707122 (webtiles) character file.

Game seed: 18007786056644118005, levelgen mode: deterministic

19440 Arum the Fighter (level 13, -17/111 HPs)
             Began as a Formicid Fighter on Oct 28, 2019.
             Was a High Priest of the Shining One.
             Demolished by Frances
             ... wielding a +0 dire flail
              (27 damage)
             ... on level 12 of the Dungeon.
             The game lasted 00:22:18 (13829 turns).

Arum the Fighter (Formicid Fighter)                Turns: 13829, Time: 00:22:19

Health: -17/111    AC: 13    Str: 23    XL:     13   Next: 4%
Magic:  22/22      EV: 10    Int: 11    God:    the Shining One [*****.]
Gold:   620        SH: 15    Dex: 10    Spells: 12/12 levels left

rFire    . . .     SeeInvis +   a - +0 quarterstaff
rCold    . . .     Gourm    .   c - +0 shield
rNeg     + + .     Faith    .   y - +3 ring mail "Oqoufa" {rCorr MP+9}
rPois    +         Spirit   .   (helmet unavailable)
rElec    .         Reflect  +   B - +0 cloak {+Inv}
rCorr    +         Harm     .   (no gloves)
MR       +....                  H - +0 pair of boots
Stlth    ..........             r - +4 amulet of reflection
HPRegen  0.28/turn              k - ring of resist corrosion
MPRegen  0.18/turn              J - ring of poison resistance

@: glowing, studying Transmutations
A: permanent stasis, dig shafts and tunnels, four strong arms, antennae 3
a: Dig, Shaft Self, Divine Shield, Cleansing Flame, Summon Divine Warrior,
Renounce Religion, Evoke Invisibility


You were on level 12 of the Dungeon.
You worshipped the Shining One.
The Shining One was extremely pleased with you.
You were hungry.

You visited 2 branches of the dungeon, and saw 13 of its levels.
You also visited: Ossuary.

You collected 756 gold pieces.
You spent 136 gold pieces at shops.

Inventory:

Hand Weapons
 a - a +0 quarterstaff (weapon)
Missiles
 p - 7 javelins (quivered)
Armour
 c - a +0 shield (worn)
 y - the +3 ring mail "Oqoufa" (worn) {rCorr MP+9}
   (You found it on level 7 of the Dungeon)

   It affects your magic capacity (+9).
   It provides partial protection from all sources of acid and corrosion.
 B - a +0 cloak of invisibility (worn)
 H - a +0 pair of boots (worn)
Jewellery
 g - a +3 ring of intelligence
 i - an uncursed amulet of magic regeneration
 k - a ring of resist corrosion (left hand)
 m - a cursed -2 ring of slaying {unknown}
 r - a +4 amulet of reflection (around neck)
 J - a ring of poison resistance (right hand)
Wands
 L - a wand of iceblast (12)
 M - a wand of scattershot (4)
Scrolls
 b - 2 scrolls of fog
 e - 3 scrolls of remove curse
 n - 4 scrolls of amnesia
 o - 7 scrolls of identify
 u - 3 scrolls of immolation
 v - a scroll of holy word
 z - 2 scrolls of enchant armour
 E - 4 scrolls of fear
 F - a scroll of summoning
 G - a scroll of enchant weapon
 K - a scroll of vulnerability
Potions
 d - 7 potions of might
 j - 5 potions of curing
 l - 2 potions of lignification
 q - 3 potions of agility
 s - a potion of cancellation
 t - a potion of flight
 x - a potion of ambrosia {unknown}
 A - a potion of heal wounds
 D - a potion of resistance
 I - 2 potions of mutation
Books
 h - a manual of Transmutations
Miscellaneous
 w - a phial of floods
Comestibles
 f - 22 rations


   Skills:
 + Level 13.3 Fighting
 + Level 12.2 Staves
 + Level 10.3 Armour
 - Level 9.2 Shields


You had 12 spell levels left.
You didn't know any spells.
Your spell library contained the following spells:

 Spells                   Type           Power        Failure   Level  Hunger
 Leda's Liquefaction      Hex/Erth       #.........   99%         4    #####..
 Bolt of Magma            Conj/Fire/Erth #.........   100%        5    ######.
 Iron Shot                Conj/Erth      #.........   100%        6    #######
 Statue Form              Tmut/Erth      #........    100%        6    #######
 Shatter                  Erth           #.........   100%        9    #######


Dungeon Overview and Level Annotations

Branches:
Dungeon (12/15)            Temple (1/1) D:4            Lair (0/6) D:9
    Orc (0/2) D:11        Ossuary (visited)

Altars:
Ashenzari
Cheibriados
Dithmenos
Elyvilon
Fedhas
Gozag
Hepliaklqana
Kikubaaqudgha
Makhleb
Nemelex Xobeh
Okawaru
Qazlal
Ru
Sif Muna
Trog
Uskayaw
Vehumet
Wu Jian
Xom
Yredelemnul
Zin
The Shining One

Shops:
D:4 *   D:6 ?

Annotations:
D:12 Frances


Innate Abilities, Weirdness & Mutations

You cannot be hasted, slowed, berserked, paralysed or teleported.
You can dig through walls and to a lower floor.
Your four strong arms can wield two-handed weapons with a shield.
You have a pair of large antennae on your head. (SInv)


Message History

Aiming: Corrosive Bolt
Press: ? - help, Shift-Dir - straight line, f - Frances
Aim: Frances, wielding a +0 dire flail and wearing a +0 ring mail (lightly wounded, unusually strong, haloed)
The bolt of acid hits Frances!
Frances is splashed with acid.
Frances is lightly wounded.
Frances whispers indecipherable words.
Frances seems to speed up.
Evoke which item? (* to show all) (? for menu, Esc to quit)
Aiming: Corrosive Bolt
Press: ? - help, Shift-Dir - straight line, f/p - Frances
Aim: Frances, wielding a +0 dire flail and wearing a +0 ring mail (lightly wounded, fast, unusually strong, haloed)
The bolt of acid hits Frances.
Frances is splashed with acid.
Frances is moderately wounded.
The now-empty wand crumbles to dust.
Frances mutters a nigh-unspeakable word.
Frances hits you with a +0 dire flail!!!
* * * LOW HITPOINT WARNING * * *
Frances howls an indescribable curse.
Frances hits you with a +0 dire flail!!
You die...

...
#####..##.#.......
#. #.....#......#
#
#.....#.#....##.#
#.......#..#...
###.....##...#
#.....##...##
##.(........#
##@....##.....
#@###....# ... ###
#...## # ##.## ###


You could see Frances.

Vanquished Creatures
  Josephine (D:12)
  A hydra (D:12)
  4 two-headed ogres
  An unseen horror (D:11)
  5 skeletal warriors
  Pikel (D:7)
  4 ugly things
  2 centaur zombies
  Maurice (D:12)
  2 trolls (D:11)
  Prince Ribbit (D:7)
  3 hippogriffs
  4 wraiths (D:12)
  Sigmund (D:6)
  5 yaks
  A wyvern (D:8)
  2 hungry ghosts
  3 wargs (D:9)
  2 water moccasins
  4 orc warriors
  2 ice beasts
  A phantom (D:9)
  2 necrophages
  8 ogres
  2 centaurs
  7 big kobolds
  4 bullfrogs
  Blork the orc (D:4)
  5 gnoll sergeants
  2 water moccasin skeletons
  4 scorpions
  4 killer bees (D:8)
  A howler monkey (D:8)
  5 crimson imps
  5 bullfrog zombies
  7 hounds
  5 orc priests
  9 jellies
  3 bullfrog skeletons
  11 orc wizards
  An iguana (D:9)
  3 centaur skeletons
  13 worker ants
  3 hound zombies (Ossuary)
  3 hound skeletons
  13 mummies (Ossuary)
  A worker ant zombie (Ossuary)
  Robin (D:4)
  9 gnolls
  19 adders
  3 shadow imps
  An adder zombie (Ossuary)
  6 oozes
  An adder skeleton (D:8)
  7 worms
  4 dart slugs
  7 leopard geckos
  38 orcs
  4 ball pythons
  6 giant cockroaches
  16 goblins
  11 hobgoblins
  3 jackals (D:9)
  29 kobolds
  6 quokkas
  6 bats
  8 frilled lizards
  A giant cockroach zombie (Ossuary)
  A jackal skeleton (D:8)
  2 leopard gecko skeletons
  A leopard gecko zombie (Ossuary)
  3 quokka zombies (Ossuary)
  10 rats
376 creatures vanquished.

Vanquished Creatures (others)
  A slave (D:7)
  2 centaurs
  A bullfrog skeleton (D:7)
  An ooze (D:7)
  An orc (D:7)
  A goblin (D:7)
  A bush (D:11)
  2 withered plants (Ossuary)
10 creatures vanquished.

Grand Total: 386 creatures vanquished

Notes
Turn   | Place    | Note
-------+----------+-------------------------------------------
     0 | D:1      | Arum the Formicid Fighter began the quest for the Orb.
     0 | D:1      | Reached XP level 1. HP: 18/18 MP: 1/1
    70 | D:1      | Reached XP level 2. HP: 14/24 MP: 2/2
   360 | D:1      | Reached XP level 3. HP: 29/29 MP: 3/3
   888 | D:2      | Reached XP level 4. HP: 17/37 MP: 4/4
  1310 | D:2      | Reached skill level 4 in Fighting
  1364 | D:2      | Reached XP level 5. HP: 17/42 MP: 5/5
  1709 | D:2      | Found a blossoming altar of Fedhas.
  2248 | D:3      | Reached XP level 6. HP: 42/49 MP: 6/6
  2287 | D:3      | Reached skill level 5 in Shields
  3031 | D:4      | Reached XP level 7. HP: 30/55 MP: 7/7
  3109 | D:4      | Noticed Blork the orc
  3288 | D:4      | Reached skill level 5 in Fighting
  3288 | D:4      | Reached skill level 5 in Armour
  3380 | D:4      | Found a staircase to the Ecumenical Temple.
  3400 | Temple   | Entered the Ecumenical Temple
  3695 | Temple   | Became a worshipper of the Shining One
  3917 | D:4      | Noticed a +0 dagger
  3918 | D:4      | Found a hide-covered altar of Uskayaw.
  3918 | D:4      | Noticed a +0 dagger
  3946 | D:4      | Noticed Robin
  3974 | D:4      | Killed Robin
  4071 | D:4      | Found Quesoph's General Store.
  4075 | D:4      | Bought a scroll of identify for 26 gold pieces
  4203 | D:4      | Killed Blork the orc
  4617 | D:5      | Entered Level 5 of the Dungeon
  4644 | D:5      | Reached XP level 8. HP: 39/64 MP: 8/8
  4831 | D:5      | Reached skill level 5 in Staves
  4904 | D:5      | Reached skill level 6 in Fighting
  4908 | D:5      | Found a shattered altar of Ashenzari.
  5164 | D:5      | Noticed a two-headed ogre
  5173 | D:5      | Killed a two-headed ogre
  5173 | D:5      | Reached skill level 7 in Fighting
  5173 | D:5      | Reached XP level 9. HP: 9/72 MP: 9/9
  5835 | D:6      | Reached * piety under the Shining One
  5995 | D:6      | Found Eczag Eff's Magic Scroll Boutique.
  6004 | D:6      | Bought a scroll of immolation for 35 gold pieces
  6004 | D:6      | Bought a scroll of holy word for 75 gold pieces
  6346 | D:6      | Noticed Sigmund
  6356 | D:6      | Killed Sigmund
  6562 | D:7      | Reached skill level 8 in Fighting
  6584 | D:7      | Noticed Pikel
  6612 | D:7      | Killed Pikel
  6680 | D:7      | Noticed a hippogriff
  6694 | D:7      | Killed a hippogriff
  6694 | D:7      | Reached XP level 10. HP: 55/82 MP: 10/10
  6813 | D:7      | Noticed Prince Ribbit
  6843 | D:7      | Got a steaming ring mail
  6844 | D:7      | Identified the +3 ring mail "Oqoufa" {rCorr MP+9} (You
                  | found it on level 7 of the Dungeon)
  6958 | D:7      | Killed Prince Ribbit
  6958 | D:7      | Reached skill level 9 in Fighting
  7016 | D:7      | You fall into a shaft and drop 2 floors!
  7079 | D:9      | Reached ** piety under the Shining One
  7085 | D:9      | Found a staircase to the Lair.
  7234 | D:8      | Found a stormy altar of Qazlal.
  7259 | D:8      | Reached skill level 10 in Fighting
  7480 | D:8      | Found a sand-covered staircase.
  7487 | Ossuary  | Entered an ossuary
  7629 | Ossuary  | Reached *** piety under the Shining One
  7802 | Ossuary  | Reached **** piety under the Shining One
  8342 | D:8      | Reached XP level 11. HP: 80/92 MP: 11/11
  8629 | D:8      | Reached skill level 11 in Fighting
  8751 | D:9      | Reached skill level 10 in Staves
  8803 | D:7      | Found an iron altar of Okawaru.
  9095 | D:7      | Found a shimmering altar of Xom.
  9235 | D:9      | Reached ***** piety under the Shining One
  9449 | D:9      | Found an opulent altar of Gozag.
  9449 | D:9      | Found a sparkling altar of Nemelex Xobeh.
  9587 | D:9      | Found an iron altar of Okawaru.
  9587 | D:9      | Found a basalt altar of Yredelemnul.
  9587 | D:9      | Found a bloodstained altar of Trog.
  9607 | D:9      | Noticed a two-headed ogre
  9623 | D:9      | Killed a two-headed ogre
 10022 | D:10     | Entered Level 10 of the Dungeon
 10154 | D:10     | Noticed a two-headed ogre
 10169 | D:10     | Killed a two-headed ogre
 10216 | D:10     | Noticed a two-headed ogre
 10222 | D:10     | Killed a two-headed ogre
 10793 | D:11     | Noticed a skeletal warrior
 10793 | D:11     | Noticed a skeletal warrior
 10814 | D:11     | Noticed a skeletal warrior
 10829 | D:11     | Killed a skeletal warrior
 10829 | D:11     | Reached skill level 12 in Fighting
 10846 | D:11     | Killed a skeletal warrior
 10847 | D:11     | Reached XP level 12. HP: 41/102 MP: 12/12
 11192 | D:10     | Killed a skeletal warrior
 11709 | D:11     | Noticed a skeletal warrior
 11733 | D:11     | Noticed a skeletal warrior
 11743 | D:11     | Killed a skeletal warrior
 11975 | D:10     | Killed a skeletal warrior
 12142 | D:11     | Noticed an unseen horror
 12161 | D:11     | Killed an unseen horror
 12619 | D:11     | Found a staircase to the Orcish Mines.
 13114 | D:12     | Noticed Josephine
 13115 | D:12     | Noticed Maurice
 13139 | D:12     | Reached skill level 13 in Fighting
 13176 | D:12     | Killed Josephine
 13183 | D:12     | Reached skill level 10 in Armour
 13199 | D:12     | Killed Maurice
 13370 | D:12     | Noticed a four-headed hydra
 13381 | D:12     | Killed a four-headed hydra
 13381 | D:12     | Reached XP level 13. HP: 46/111 MP: 13/13
 13818 | D:12     | Noticed Frances
 13829 | D:12     | Demolished by Frances

Levels and vault maps discovered:
D:1:      erik_arrival_cave_to_civilisation [erik_arrival_cave_to_hall],
          layout_loops_ring, roderic_roman_lattice, minmay_3d_cube
D:2:      minmay_spotlight, layout_rooms, lemuel_doored_altar
D:3:      layout_rooms, first_ration
D:4:      layout_loops_corners, dancing_weapons_uskayaw,
          minmay_temple_entry_mini_moons, serial_shops, nicolae_shop_stone,
          uniq_robin, uniq_blork_the_orc
D:5:      layout_loops_cross, ashenzari_altar_1, minmay_manual_mess
D:6:      layout_gridville, serial_shops, shop, uniq_sigmund
D:7:      layout_loops_ring, marbit_many_paths, okawaru_altar_gauntlet_db,
          uniq_prince_ribbit1, uniq_pikel
D:8:      kennysheep_six_static_rooms, layout_basic,
          nicolae_overflow_hidden_temple, nicolae_ossuary_entry_plus,
          hangedman_little_slice_of_home
D:9:      layout_irregular_city, grunt_temple_overflow_opulence,
          gammafunk_temple_overflow_forgotten, erik_lair_orcish_takeover,
          minivault_20
D:10:     layout_roguey
D:11:     layout_rooms, kennysheep_orc_monster_closet_entryway,
          kb_lookout_dungeons_type
D:12:     layout_cave_pools, grunt_ministairs_10, uniq_frances, uniq_maurice,
          uniq_josephine
Temple:   minmay_temple_forest_path

Skill      XL: |  1  2  3  4  5  6  7  8  9 10 11 12 |
---------------+-------------------------------------+-----
Shields        | 4 5 6 8 9 |  9.2
Armour         | 4 5 8 10 | 10.3
Fighting       | 4 5 7 8 10 12 13 | 13.3
Staves         | 3 4 6 7 9 11 12 | 12.2

Action                   |  1- 3 |  4- 6 |  7- 9 | 10-12 | 13-15 || total
-------------------------+-------+-------+-------+-------+-------++-------
Melee: Quarterstaff      |   102 |   252 |   310 |  1010 |     3 ||  1677
Throw: Javelin           |       |       |     1 |     7 |       ||     8
Invok: Divine Shield     |       |       |       |     3 |       ||     3
 Abil: Dig               |       |     3 |     2 |    11 |     2 ||    18
Evoke: Wand              |       |       |       |     9 |     2 ||    11
  Use: Scroll            |       |       |     8 |    17 |       ||    25
       Potion            |       |       |     1 |     1 |       ||     2
  Eat: Chunk             |       |     7 |    12 |    23 |     1 ||    43
       Ration            |       |       |       |     1 |       ||     1
Armor: Scale mail        |    31 |    60 |    52 |     2 |       ||   145
       Ring mail         |       |       |       |   133 |       ||   133
Dodge: Dodged            |    26 |    53 |    68 |   171 |     1 ||   319
Block: Shield            |    50 |   120 |   167 |   534 |     8 ||   879
       Reflection        |       |     1 |     1 |    21 |     5 ||    28
